 Dungeon Crawl Stone Soup version 0.30.1 (webtiles) character file.

Game seed: 14792837699357563774

6191 Wiggles the Severer (level 10, -4/80 HPs)
             Began as a Minotaur Berserker on July 13, 2023.
             Was a High Priest of Trog.
             Slain by a yak (9 damage)
             ... on level 9 of the Dungeon.
             The game lasted 00:17:20 (7561 turns).

Wiggles the Severer (Minotaur Berserker)            Turns: 7561, Time: 00:17:21

Health: -4/80      AC: 18    Str: 30    XL:     10   Next: 60%
Magic:  0/18       EV:  8    Int:  8    God:    Trog [*****.]
Gold:   311        SH:  0    Dex: 10    Spells: 9/9 levels left

rFire   + . .        E - +2 broad axe (elec)
rCold   . . .        l - +0 buckler
rNeg    . . .        q - +2 plate armour {rC+}
rPois   .            I - +2 hat
rElec   .            x - +0 cloak
rCorr   .            v - +0 pair of gloves {hurl}
SInv    .            d - +0 pair of boots
Will    .....        f - amulet of guardian spirit Stlth
                     t - ring of magical power
HPRegen 0.33/turn    m - ring of Hoirod {Fire Str+4 Int+4}
MPRegen 0.16/turn

%: guardian spirit
@: confused, on berserk cooldown, slowed, very slow
A: horns 2, retaliatory headbutt
a: Renounce Religion, Berserk, Trog's Hand, Brothers in Arms


You were on level 9 of the Dungeon.
You worshipped Trog.
Trog was extremely pleased with you.
You visited 1 branch of the dungeon, and saw 9 of its levels.
You also visited: Bailey.

You collected 493 gold pieces.
You spent 182 gold pieces at shops.

Inventory:

Hand Weapons
 E - a +2 broad axe of electrocution (weapon)
Armour
 d - a +0 pair of boots (worn)
 l - a +0 buckler (worn)
 q - a +2 plate armour of cold resistance (worn)
 v - a +0 pair of gloves of hurling (worn)
 x - a +0 cloak (worn)
 I - a +2 hat (worn)
Jewellery
 e - a +5 ring of evasion
 f - an amulet of guardian spirit (around neck)
 m - the ring of Hoirod (right hand) {Fire Str+4 Int+4}
   (You found it in a bailey)

   [ring of fire]

   It enhances your fire magic.
   Str:       It affects your strength (+4).
   Int:       It affects your intelligence (+4).
   rF:        It protects you from fire.
   rC:        It makes you vulnerable to cold.
 t - a ring of magical power (left hand)
 y - a ring of positive energy
 A - a +4 ring of protection
 D - a ring of protection from fire
Wands
 c - a wand of polymorph (12)
 k - a wand of digging (12)
 B - a wand of roots (12)
 C - a wand of light (9)
Scrolls
 b - 4 scrolls of teleportation
 o - a scroll of fog
 p - 2 scrolls of fear
 u - 2 scrolls of blinking
Potions
 a - 3 potions of haste
 g - 3 potions of resistance {unknown}
 h - a potion of invisibility {unknown}
 i - 7 potions of curing
 j - 4 potions of degeneration
 n - 2 potions of cancellation {unknown}
 r - 3 potions of mutation
 s - a potion of might
 w - a potion of flight {unknown}
 z - 2 potions of attraction {unknown}
 F - a potion of ambrosia {unknown}
 G - a potion of magic {unknown}


   Skills:
 - Level 4.4 Fighting
 + Level 17.6 Axes
 - Level 2.7 Armour
 - Level 2.5 Dodging
 + Level 6.2 Shields


You had 9 spell levels left.
You didn't know any spells.
Your spell library was empty.

Dungeon Overview and Level Annotations

Branches:
Dungeon (9/15)             Temple (0/1) D:6            Lair (0/5) D:8
 Bailey (visited)
    Orc: D:9-12

Altars:
Gozag
Hepliaklqana
Kikubaaqudgha
Makhleb
Okawaru
Ru
Sif Muna
Yredelemnul

Shops:
D:7 (

Annotations:
D:6 3 runed translucent doors, DemonSlayer's ghost, novice DsEE
D:8 1 runed translucent door, LustLizard's ghost, novice DEAE


Innate Abilities, Weirdness & Mutations

You have a pair of horns on your head.
You reflexively headbutt those who attack you in melee.


Message History

You are exhausted.
You feel yourself slow down. The yak barely misses you.
The orc wizard points at you and mumbles some strange words.
You are more confused.
The orc wizard attacks as you move away!
The orc wizard hits you but does no damage.
A yak comes into view.
The yak bellows!
The yak barely misses you.
The two-headed ogre hits you with a +0 giant club.
The two-headed ogre hits you but does no damage.
You bump into the rock wall.
The orc wizard hits you with a +0 dagger.
A yak comes into view.
The yak gores you but does no damage.
A yak comes into view.
The yak closely misses you. x2
The two-headed ogre hits you with a +0 giant club!
The two-headed ogre barely misses you.
The orc wizard hits you but does no damage.
The yak bellows! x2
You hit the yak.
The yak is lightly wounded.
You hit the yak but do no damage.
You completely miss the two-headed ogre.
You barely miss the orc wizard. The yak gores you but does no damage.
The yak gores you.
The orc wizard hits you but does no damage.
The two-headed ogre hits you with a +0 giant club!
* * * LOW HITPOINT WARNING * * *
The two-headed ogre hits you with a +0 giant club.
* * * LOW HITPOINT WARNING * * *
You bump into the rock wall.
The orc priest begins to cast a cantrip, but forgets the words!
The orc wizard closely misses you. The yak gores you.
* * * LOW HITPOINT WARNING * * *
The yak gores you.
* * * LOW HITPOINT WARNING * * *
The yak gores you but does no damage. The yak gores you!
You die...

#.........#.+
..###.........###
#.............#
##.........#
###.####### #...#
###.# #######.###
......YYY@#####
.....Y).OYo...##
.....Y)))o........
...##.))).........
.. #....##.......
. ......# .......
..?...... .......
...)..............
...###............


You could see a two-headed ogre, 6 yaks, an orc priest and an orc wizard.

Vanquished Creatures
  Amaemon (D:8)
  A gargoyle (Bailey)
  An orange demon (D:8)
  A troll (D:7)
  A hornet (D:4)
  Sigmund (D:4)
  A vampire (Bailey)
  A shadow (D:9)
  A wyvern (D:8)
  Menkaure (D:7)
  2 wargs (D:9)
  Duvessa (D:4)
  A hornet zombie (D:7)
  A sky beast (D:7)
  2 ice beasts
  An orc warrior (D:6)
  A black bear (D:6)
  4 ogres
  3 centaurs
  2 phantoms
  A kobold brigand (D:5)
  5 bullfrogs
  3 scorpions
  A water moccasin zombie (D:7)
  Dowan (D:4)
  3 howler monkeys
  7 vampire bats (Bailey)
  4 wolf zombies (Bailey)
  2 centaur zombies (D:7)
  6 hounds
  A human zombie (D:7)
  2 jellies
  5 orc priests
  An iguana (D:6)
  5 orc wizards
  Natasha (thrice) (D:4)
  3 killer bee zombies (D:7)
  3 mummies (D:7)
  A howler monkey zombie (D:7)
  Robin (D:2)
  4 gnolls (D:5)
  6 adders
  A white imp (D:6)
  2 worms
  5 dart slugs
  38 orcs
  5 bats
  9 endoplasms
  2 giant cockroaches
  21 goblins
  6 hobgoblins
  7 jackals
  3 quokkas
  8 ball pythons
  2 frilled lizards (D:1)
  15 kobolds
  16 orc zombies (Bailey)
  7 rats
243 creatures vanquished.

Notes
Turn   | Place    | Note
-------+----------+-------------------------------------------
     0 | D:1      | Wiggles the Minotaur Berserker began the quest for the Orb.
     0 | D:1      | Reached XP level 1. HP: 19/19 MP: 0/0
    79 | D:1      | Reached XP level 2. HP: 27/27 MP: 1/1
    88 | D:1      | Reached skill level 4 in Axes
   403 | D:1      | Reached XP level 3. HP: 34/34 MP: 2/2
   654 | D:1      | Reached ** piety under Trog
   724 | D:2      | Noticed Robin
   737 | D:2      | Killed Robin
   941 | D:2      | Reached skill level 5 in Axes
   941 | D:2      | Reached XP level 4. HP: 27/41 MP: 3/3
  1034 | D:2      | Found an ancient bone altar of Kikubaaqudgha.
  1797 | D:3      | Reached *** piety under Trog
  2105 | D:4      | Noticed an ogre
  2114 | D:4      | Killed an ogre
  2115 | D:4      | Reached skill level 6 in Axes
  2115 | D:4      | Reached XP level 5. HP: 47/47 MP: 4/4
  2145 | D:4      | Reached skill level 7 in Axes
  2198 | D:4      | Reached XP level 6. HP: 53/53 MP: 5/5
  2213 | D:4      | Noticed Duvessa
  2215 | D:4      | Noticed Dowan
  2221 | D:4      | Killed Dowan
  2222 | D:4      | Reached skill level 8 in Axes
  2222 | D:4      | Reached skill level 1 in Shields
  2228 | D:4      | Killed Duvessa
  2411 | D:4      | Reached XP level 7. HP: 60/60 MP: 6/6
  2417 | D:4      | Reached skill level 9 in Axes
  2509 | D:4      | Noticed a hornet
  2516 | D:4      | Paralysed by a hornet for 1 turns
  2520 | D:4      | Paralysed by a hornet for 2 turns
  2522 | D:4      | HP: 1/90 [hornet (8)]
  2525 | D:4      | Killed a hornet
  2526 | D:4      | Reached skill level 10 in Axes
  2796 | D:4      | Noticed Sigmund
  2814 | D:4      | Killed Sigmund
  2851 | D:4      | Found an opulent altar of Gozag.
  2853 | D:4      | Found a burning altar of Makhleb.
  2853 | D:4      | Found an ancient bone altar of Kikubaaqudgha.
  2854 | D:4      | Found a sacrificial altar of Ru.
  2877 | D:4      | Noticed Natasha
  2882 | D:4      | Killed Natasha
  3063 | D:4      | Noticed Natasha
  3072 | D:4      | Killed Natasha
  3073 | D:4      | Reached XP level 8. HP: 55/67 MP: 7/7
  3162 | D:4      | Noticed Natasha
  3170 | D:4      | Killed Natasha
  3202 | D:5      | Entered Level 5 of the Dungeon
  3205 | D:5      | Reached skill level 11 in Axes
  3507 | D:5      | Reached skill level 12 in Axes
  3993 | D:5      | Found a shimmering blue altar of Sif Muna.
  4430 | D:6      | Reached skill level 13 in Axes
  4502 | D:6      | Reached **** piety under Trog
  4506 | D:6      | Reached XP level 9. HP: 54/72 MP: 8/8
  4589 | D:6      | Found a staircase to the Ecumenical Temple.
  5086 | D:6      | Found a runed translucent gate.
  5087 | D:6      | Found a runed translucent gate.
  5088 | D:6      | Found a runed translucent gate.
  5088 | D:6      | Noticed DemonSlayer's ghost (novice DsEE)
  5197 | D:7      | Noticed Menkaure
  5203 | D:7      | Killed Menkaure
  5260 | D:7      | Reached skill level 14 in Axes
  5298 | D:7      | Found a flagged portal.
  5310 | Bailey   | Entered a bailey
  5431 | Bailey   | Noticed a gargoyle
  5444 | Bailey   | Killed a gargoyle
  5634 | Bailey   | Reached skill level 15 in Axes
  5639 | Bailey   | Identified the ring of Hoirod {Fire Str+4 Int+4}
  5985 | D:7      | Found Amapaf's Antique Weapon Shoppe.
  5989 | D:7      | Noticed a troll
  5996 | D:7      | Reached skill level 16 in Axes
  5996 | D:7      | Reached skill level 5 in Shields
  5997 | D:7      | Killed a troll
  5998 | D:7      | Reached XP level 10. HP: 80/80 MP: 9/9
  6007 | D:7      | Bought a glowing broad axe for 182 gold pieces
  6307 | D:7      | Found a basalt altar of Yredelemnul.
  6312 | D:7      | Reached ***** piety under Trog
  6788 | D:8      | Found an iron altar of Okawaru.
  6801 | D:8      | Noticed Amaemon
  6802 | D:8      | Noticed an orange demon
  6812 | D:8      | Killed an orange demon
  6813 | D:8      | Killed Amaemon
  6814 | D:8      | Reached skill level 17 in Axes
  7061 | D:8      | Found a staircase to the Lair.
  7254 | D:8      | Found a runed translucent door.
  7254 | D:8      | Noticed LustLizard's ghost (novice DEAE)
  7254 | D:8      | Noticed a boulder beetle
  7285 | D:8      | Found a hazy altar of Hepliaklqana.
  7537 | D:9      | Noticed a two-headed ogre
  7561 | D:9      | Slain by a yak

Illustrated notes

Levels and vault maps discovered:
D:1:      giann_bridges, layout_loops_ring
D:2:      layout_loops_ring, basic_altar, hex_medium, uniq_robin
D:3:      layout_loops_ring, st_stairs_9, kennysheep_generic_room_13
D:4:      layout_basic, grunt_temple_overflow_open, serial_curves,
          eino_curves_01, eino_curves_02, uniq_natasha, uniq_duvessa,
          uniq_sigmund
D:5:      layout_rooms, marbit_many_paths
D:6:      layout_basic, minmay_temple_entry_statues_fountains,
          gammafunk_ghost_nasty_kobolds, corexii_checkpoint_a
D:7:      layout_loops_ring, lemuel_mausoleum_altar_yredelemnul, serial_shops,
          shop_statue, enter_bailey_3, uniq_menkaure
D:8:      layout_rooms, mainiacjoe_overflow_boulevard,
          nicolae_hepliaklqana_hazy_memory, ebering_ghost_inner_flame,
          uniq_amaemon
D:9:      layout_roguey, erik_orc_4, kennysheep_generic_room_9

Skill      XL: |  1  2  3  4  5  6  7  8  9 10 |
---------------+-------------------------------+-----
Fighting       | 4 |  4.4
Axes           | 4 5 6 7 8 10 13 16 17 | 17.6
Shields        | 1 2 3 5 6 |  6.2
Armour         | |  2.7
Dodging        | |  2.5

Action                     |  1- 3 |  4- 6 |  7- 9 | 10-12 || total
---------------------------+-------+-------+-------+-------++-------
  Melee: Hand axe          |    71 |    55 |       |       ||   126
         Headbutt          |     3 |    20 |    59 |    16 ||    98
         Punch             |     1 |       |       |       ||     1
         War axe           |       |    42 |   290 |       ||   332
         Broad axe         |       |       |       |    86 ||    86
 Invoke: Berserk           |     2 |     2 |     5 |     2 ||    11
    Use: Scroll            |       |       |    13 |     6 ||    19
 Armour: Animal skin       |     4 |       |       |       ||     4
         Leather armour    |    11 |     3 |       |       ||    14
         Plate armour      |       |    57 |   172 |    44 ||   273
  Dodge: Dodged            |    63 |    32 |   115 |    27 ||   237
  Block: Buckler           |     1 |    15 |    57 |    10 ||    83
